 Dungeon Crawl Stone Soup version 0.27.1 (webtiles) character file.

Game seed: 6788042310915798202

6 nxtlvl the Ducker (level 1, -2/13 HPs)
             Began as a Deep Elf Monk on Aug 30, 2021.
             Slain by a bullfrog zombie (4 damage)
             ... on level 3 of the Dungeon.
             The game lasted 00:01:46 (171 turns).

nxtlvl the Ducker (Deep Elf Monk)                    Turns: 171, Time: 00:01:47

Health: -2/13      AC:  4    Str:  8    XL:     1   Next: 75%
Magic:  3/3        EV: 13    Int: 14    God:
Gold:   11         SH:  0    Dex: 17    Spells: 0/0 levels left

rFire    . . .     SeeInvis .   b - +0 quarterstaff
rCold    . . .     Faith    .   (shield currently unavailable)
rNeg     . . .     Spirit   .   f - +0 robe
rPois    .         Reflect  .   (no helmet)
rElec    .         Harm     .   (no cloak)
rCorr    .         Rampage  .   (no gloves)
Will     .....     Clarity  +   (no boots)
Stlth    ++........             (no amulet)
HPRegen  0.04/turn              (no ring)
MPRegen  0.08/turn              (no ring)

@: no status effects
A: iridescent scales 1, clarity
a: no special abilities


You were on level 3 of the Dungeon.
You visited 1 branch of the dungeon, and saw 3 of its levels.

You collected 11 gold pieces.

Inventory:

Hand Weapons
 a - a +0 short sword
 b - a +0 quarterstaff (weapon)
Missiles
 e - 23 stones (quivered)
Armour
 f - a +0 robe (worn)
Scrolls
 c - a scroll of enchant weapon {unknown}
 d - a scroll of immolation {unknown}
 h - a scroll of brand weapon {unknown}


   Skills:
 - Level 2.4 Fighting
 - Level 3.0 Short Blades
 * Level 1.3 Staves
 - Level 3.6 Dodging
 - Level 2.4 Stealth


You couldn't memorise any spells.
You didn't know any spells.
Your spell library contained the following spells:

 Spells                   Type           Power      Damage    Failure   Level
 Corpse Rot               Necr/Air       N/A        N/A       41%         2
 Poisonous Vapours        Pois/Air       0%         N/A       41%         2
 Freezing Cloud           Conj/Ice/Air   0%         6-21      100%        5


Dungeon Overview and Level Annotations

Branches:
Dungeon (3/15)

Altars:


Innate Abilities, Weirdness & Mutations

You are partially covered in iridescent scales. (AC +2)
You possess an exceptional clarity of mind.


Message History

You sock the quokka!
You kill the quokka!
h - a scroll labelled FOPUNW WAUHEIXT
Found a stone staircase leading down.
A dart slug comes into view.
You pick up a book of Vapours and begin reading...
You add the spells Poisonous Vapours, Corpse Rot and Freezing Cloud to your library.
a - a +0 short sword (weapon)
A bullfrog zombie comes into view.
The helpless dart slug fails to defend itself.
You puncture the dart slug!
You kill the dart slug!
Your Staves skill increases to level 1!
b - a +0 quarterstaff (weapon)
You hit the bullfrog zombie.
The bullfrog zombie is lightly damaged.
The bullfrog zombie barely misses you.
You hit the bullfrog zombie.
The bullfrog zombie is moderately damaged.
The bullfrog zombie barely misses you. The bullfrog zombie closely misses you.
You sock the bullfrog zombie!
The bullfrog zombie is heavily damaged.
You hear the slow rusting of a very distant drain.
The bullfrog zombie hits you but does no damage.
The bullfrog zombie hits you.
You closely miss the bullfrog zombie.
The bullfrog zombie is heavily damaged.
The bullfrog zombie hits you.
* * * LOW HITPOINT WARNING * * *
It was a potion of mutation.
You feel extremely strange.
Your thoughts seem clearer.
Iridescent scales grow over part of your body.
The bullfrog zombie completely misses you.
You hit the bullfrog zombie.
The bullfrog zombie is severely damaged.
The bullfrog zombie closely misses you. x2
You hit the bullfrog zombie.
The bullfrog zombie is almost destroyed.
The bullfrog zombie closely misses you. The bullfrog zombie hits you.
You die...

#...# . ####### ###..#
..#...... ###....#######
........## ##...#.##.<....
.........#####..............
............................
.#...#.####................
#.......##....####........
#.......Z@....## #........
.................###........
........†...................
.......###....>...##........
....... ##...###.##........
....... .....# #.##........
#..... ..........##........
... ...###..#.##........ ..
.....##.......


You could see a bullfrog zombie.

Vanquished Creatures
  A dart slug (D:3)
  A quokka (D:3)
  A bat (D:2)
  A frilled lizard (D:1)
  A rat (D:2)
5 creatures vanquished.

Notes
Turn   | Place    | Note
-------+----------+-------------------------------------------
     0 | D:1      | nxtlvl the Deep Elf Monk began the quest for the Orb.
     0 | D:1      | Reached XP level 1. HP: 13/13 MP: 3/3
   162 | D:3      | Reached skill level 1 in Staves
   169 | D:3      | Gained mutation: You possess an exceptional clarity of
                  | mind. [potion of mutation]
   169 | D:3      | Gained mutation: You are partially covered in iridescent
                  | scales. (AC +2) [potion of mutation]
   171 | D:3      | Slain by a bullfrog zombie

Illustrated notes

Levels and vault maps discovered:
D:1:      saegor_arrival_under_anarchy, layout_loops_ring, serial_shops,
          nicolae_shop_waterfront
D:2:      layout_loops_corners, minmay_misc_feat_rugged, uniq_sigmund,
          uniq_robin
D:3:      layout_rooms, nemelex_spade_bored_becter, portal_sewer_entry_e,
          shapermc_ecumenical_altar_gd, corexii_item_surrounded_by_moat

Skill      XL: |  1 |
---------------+----+-----
Staves         | 1 |  1.3
Fighting       | |  2.4
Short Blades   | |  3.0
Dodging        | |  3.6
Stealth        | |  2.4

Action                   || total
-------------------------++-------
Melee: Quarterstaff      ||    11
       Short sword       ||     3
  Use: Potion            ||     1
 Stab: Sleeping          ||     3
Armor: Robe              ||     2
Dodge: Dodged            ||    12
